 Dungeon Crawl Stone Soup version 0.23.0-28-g6fe0f4dc8b (webtiles) character file.

Game seed: 11452763867271550630

70 Ivernyr the Insei (level 4, 0/21 HPs)
             Began as a Vine Stalker Transmuter on Feb 26, 2019.
             Slain by a worker ant (2 damage)
             ... on level 2 of the Dungeon.
             The game lasted 00:06:29 (2513 turns).

Ivernyr the Insei (Vine Stalker Transmuter)         Turns: 2513, Time: 00:06:30

Health: 0/21       AC:  2    Str: 13    XL:     4   Next: 21%
Magic:  0/9        EV: 12    Int: 14    God:
Gold:   83         SH:  0    Dex: 14    Spells: 2/8 levels left

rFire    . . .     SeeInvis .     - Unarmed
rCold    . . .     Gourm    .   (no shield)
rNeg     . . .     Faith    .   b - +0 robe
rPois    .         Spirit   +   (no helmet)
rElec    .         Reflect  .   (no cloak)
rCorr    .         Harm     .   (no gloves)
MR       .....                  (no boots)
Stlth    +.........             (no amulet)
HPRegen  0.47/turn              (no ring)
MPRegen  0.11/turn              (no ring)

@: very slightly contaminated
A: fangs 2, regeneration 1, magic shield, antimagic bite, no potion heal 3, rot
immunity
a: no special abilities


You were on level 2 of the Dungeon.
You were hungry.

You visited 1 branch of the dungeon, and saw 3 of its levels.

You collected 83 gold pieces.

Inventory:

Missiles
 a - 12 arrows
Armour
 b - a +0 robe (worn)
Scrolls
 c - a scroll of teleportation {unknown}
 e - a scroll of fog {unknown}
 g - 4 scrolls of identify {unknown}
 k - a scroll of fear {unknown}
 m - a scroll of enchant weapon {unknown}
 o - a scroll of immolation {unknown}
Potions
 f - a potion of heal wounds {unknown}
 h - a potion of haste {unknown}
 i - a potion of resistance {unknown}
 j - a potion of ambrosia {unknown}
 l - a potion of curing
 n - a potion of agility {unknown}
Comestibles
 d - 3 rations


   Skills:
 - Level 0.8 Fighting
 + Level 2.1 Dodging
 + Level 3.4 Unarmed Combat
 + Level 2.7 Spellcasting
 * Level 3.1 Transmutations


You had 2 spell levels left.
You knew the following spells:

 Your Spells              Type           Power        Failure   Level  Hunger
a - Beastly Appendage     Tmut           ##....       6%          1    #......
b - Sticks to Snakes      Tmut           ##......     10%         2    ###....
c - Spider Form           Tmut/Pois      #.........   34%         3    ###....

Your spell library contained the following spells:

 Spells                   Type           Power        Failure   Level  Hunger
 Ice Form                 Ice/Tmut       #.......     75%         4    #####..
 Blade Hands              Tmut           ##........   86%         5    ######.


Dungeon Overview and Level Annotations

Branches:
Dungeon (3/15)

Altars:
Gozag
Okawaru
Qazlal


Innate Abilities, Weirdness & Mutations

You have extremely sharp teeth.
Your natural rate of healing is unusually fast.
When hurt, damage is shared between your health and your magic reserves.
Your bite disrupts and absorbs the magic of your enemies.
Potions cannot restore your health.
You are immune to rotting.


Message History

The worker ant bites you.
* * * LOW HITPOINT WARNING * * *
You barely miss the worker ant.
The worker ant is moderately wounded.
The worker ant closely misses you.
You hit the worker ant but do no damage.
You bite the worker ant, but do no damage.
The worker ant is moderately wounded.
The worker ant barely misses you. The worker ant bites you.
* * * LOW HITPOINT WARNING * * *
You are lethally poisoned!
The worker ant poisons you!
* * * LOW HITPOINT WARNING * * *
You feel sick.
* * * LOW HITPOINT WARNING * * *
You feel sick.
It was a potion of curing.
Your system rejects the healing.
You feel better. The worker ant bites you.
You die...

##.# #.......#...>.#
#.# ...#
#.#######.#...# #.#
#### #.# #...##.## #.#
#.# #.####K# #.# #.#
#.#....# #.# #.#
#.#K###########.# #.#
#.#.# #.........#
#.#####.#.###.#########
#.......#.a@....#
#############.#.# #...#
#####


You could see a worker ant.

Vanquished Creatures
  2 adders (D:2)
  An ooze (D:1)
  2 dart slugs
  3 leopard geckos
  2 giant cockroaches
  3 hobgoblins
  2 jackals (D:2)
  A quokka (D:2)
  5 bats
  3 frilled lizards (D:1)
  8 goblins (D:2)
  4 kobolds
  4 rats
40 creatures vanquished.

Notes
Turn   | Place    | Note
-------+----------+-------------------------------------------
     0 | D:1      | Ivernyr the Vine Stalker Transmuter began the quest for the
                  | Orb.
     0 | D:1      | Reached XP level 1. HP: 9/9 MP: 4/4
   430 | D:1      | Reached XP level 2. HP: 14/14 MP: 6/6
   461 | D:1      | Learned a level 2 spell: Sticks to Snakes
  1185 | D:2      | Reached XP level 3. HP: 9/17 MP: 4/7
  1742 | D:2      | Found an iron altar of Okawaru.
  1743 | D:2      | Found a stormy altar of Qazlal.
  2099 | D:2      | Learned a level 3 spell: Spider Form
  2104 | D:2      | Found an opulent altar of Gozag.
  2144 | D:2      | Gained mutation: Your natural rate of healing is unusually
                  | fast. [Vine Stalker growth]
  2144 | D:2      | Reached XP level 4. HP: 17/21 MP: 7/9
  2503 | D:2      | HP: 1/21 [worker ant (1)]
  2508 | D:2      | HP: 1/21 [worker ant (2)]
  2513 | D:2      | Slain by a worker ant

Skill      XL: |  1  2  3 |
---------------+----------+-----
Dodging        | 2 |  2.1
Transmutations | 3 |  3.1
Fighting       | |  0.8
Unarmed Combat | |  3.4
Spellcasting   | |  2.7

Action                   |  1- 3 |  4- 6 || total
-------------------------+-------+-------++-------
Melee: Unarmed           |    88 |    31 ||   119
       Bite              |    18 |     9 ||    27
       Headbutt          |     2 |       ||     2
       Punch             |     1 |     1 ||     2
       Kick              |    10 |       ||    10
 Cast: Beastly Appendage |    10 |     1 ||    11
  Use: Potion            |       |     1 ||     1
 Stab: Sleeping          |     3 |       ||     3
  Eat: Ration            |     1 |       ||     1
       Chunk             |       |     1 ||     1
Armor: Robe              |    16 |     6 ||    22
Dodge: Dodged            |    50 |    22 ||    72
